PCL
DISTRICT 9 PRAWNS @ TEXARKANA BEARS
07/23/2027
 
TOP OF THE 1ST
District 9 Prawns batting - Pitching for Texarkana Bears : RHP Ron Scott
Pitching: RHP Ron Scott
Batting: LHB Tommy Payne 0-0: Ground out 4-3 (Groundball, 4)
Batting: RHB José Colón 0-0: Ground out 5-3 (Groundball, 56)
Batting: SHB Rick Turner 0-0: Ball
1-0: Called Strike
1-1: Foul Ball, location: 2F
1-2: SOLO HOME RUN (Flyball, 9D), Distance : 399 ft
Batting: LHB José Flores 0-0: Ball
1-0: Ball
2-0: Called Strike
2-1: Ball
3-1: Base on Balls
Batting: RHB Edgardo Carrasco 0-0: Called Strike
0-1: Ball
1-1: Called Strike
1-2: Fly out, F8 (Flyball, 8LM)
Top of the 1st over - 1 run(s), 1 hit(s), 0 error(s), 1 left on base; District 9 1 - Texarkana 0
BOTTOM OF THE 1ST
Texarkana Bears batting - Pitching for District 9 Prawns : RHP Ignacio Morales
Pitching: RHP Ignacio Morales
Batting: LHB Sam Barnes 0-0: Swinging Strike
0-1: Swinging Strike
0-2: Ball
1-2: Ball
2-2: Foul Ball, location: 2F
2-2: Ball
3-2: Fly out, F7 (Flyball, 78S)
Batting: RHB Lu-fang Huie 0-0: Called Strike
0-1: Ball
1-1: Ball
2-1: DOUBLE (Flyball, 78M)
Pinch Runner at 2nd Michael Barraclough:
Batting: RHB Keith Ford 0-0: Called Strike
0-1: Foul Ball, location: 2F
0-2: Ball
1-2: Fly out, F2 (Popup, 23)
Batting: RHB Gustavo Díaz 0-0: Called Strike
0-1: Foul Ball, location: 2F
0-2: Ball
1-2: Strikes out looking
Bottom of the 1st over - 0 run(s), 1 hit(s), 0 error(s), 1 left on base; District 9 1 - Texarkana 0
TOP OF THE 2ND
District 9 Prawns batting - Pitching for Texarkana Bears : RHP Ron Scott
Now in RF: Michael Barraclough
Batting: RHB Boyd Pittman 0-0: Foul Ball, location: 2F
0-1: SINGLE (Groundball, 34D)
Batting: RHB Mal Snyder 0-0: Ball
1-0: Ground out U3 (Groundball, 34S)
Boyd Pittman to second
Batting: RHB Rafael González 0-0: Called Strike
0-1: Ball
1-1: Ball
2-1: Fly out, F2 (Popup, 25)
Batting: LHB Miguel Barrón 0-0: Ball
1-0: Ball
2-0: Ball
3-0: Base on Balls
Batting: LHB Tommy Payne 0-0: Called Strike
0-1: Foul Ball, location: 2F
0-2: Foul Ball, location: 2F
0-2: Fly out, F9 (Flyball, 9LM)
Top of the 2nd over - 0 run(s), 1 hit(s), 0 error(s), 2 left on base; District 9 1 - Texarkana 0
BOTTOM OF THE 2ND
Texarkana Bears batting - Pitching for District 9 Prawns : RHP Ignacio Morales
Batting: RHB Billy Campbell 0-0: Called Strike
0-1: Ground out 4-3 (Groundball, 4S)
Batting: LHB Tom Mullins 0-0: Ball
1-0: Called Strike
1-1: SOLO HOME RUN (Flyball, 9D), Distance : 397 ft
Batting: RHB Alberto Velásquez 0-0: Bunt missed!
0-1: Ground out U3 (Groundball, 3)
Batting: RHB Taki Chikafuji 0-0: Ball
1-0: Ball
2-0: Called Strike
2-1: Ball
3-1: Swinging Strike
3-2: Strikes out swinging
Bottom of the 2nd over - 1 run(s), 1 hit(s), 0 error(s), 0 left on base; District 9 1 - Texarkana 1
TOP OF THE 3RD
District 9 Prawns batting - Pitching for Texarkana Bears : RHP Ron Scott
Batting: RHB José Colón 0-0: Called Strike
0-1: Foul Ball, location: 2F
0-2: Foul Ball, location: 2F
0-2: Ground out 1-3 (Groundball, 15)
Batting: SHB Rick Turner 0-0: Called Strike
0-1: Ball
1-1: Called Strike
1-2: Ball
2-2: Ball
3-2: Foul Ball, location: 2F
3-2: Ground out 4-3 (Groundball, 4)
Batting: LHB José Flores 0-0: Called Strike
0-1: Foul Ball, location: 2F
0-2: Strikes out looking
Top of the 3rd over - 0 run(s), 0 hit(s), 0 error(s), 0 left on base; District 9 1 - Texarkana 1
BOTTOM OF THE 3RD
Texarkana Bears batting - Pitching for District 9 Prawns : RHP Ignacio Morales
Batting: RHB Steve Garneys 0-0: Ball
1-0: Ball
2-0: Ground out 4-3 (Groundball, 4)
Batting: LHB Sam Barnes 0-0: Ball
1-0: Called Strike
1-1: Foul Ball, location: 2F
1-2: Ball
2-2: Ball
3-2: Base on Balls
Batting: RHB Michael Barraclough 0-0: Fly out, F7 (Flyball, 78S)
Batting: RHB Keith Ford 0-0: Called Strike
Balk!
Sam Barnes to second
0-1: Swinging Strike
0-2: Foul Ball, location: 2F
0-2: Ball
1-2: Ball
2-2: Strikes out looking
Bottom of the 3rd over - 0 run(s), 0 hit(s), 0 error(s), 1 left on base; District 9 1 - Texarkana 1
TOP OF THE 4TH
District 9 Prawns batting - Pitching for Texarkana Bears : RHP Ron Scott
Batting: RHB Edgardo Carrasco 0-0: Called Strike
0-1: Ground out 6-3 (Groundball, 6)
Batting: RHB Boyd Pittman 0-0: Ball
1-0: Swinging Strike
1-1: Foul Ball, location: 2F
Error on foul ball, E3
1-2: SINGLE (Groundball, 25) (infield hit)
Batting: RHB Mal Snyder 0-0: Foul Ball, location: 2F
0-1: Ball
1-1: 2-RUN HOME RUN (Flyball, 78XD), Distance : 420 ft
Batting: RHB Rafael González 0-0: Foul Ball, location: 2F
0-1: Ball
1-1: Ball
2-1: Ball
3-1: Swinging Strike
3-2: Base on Balls
Batting: LHB Miguel Barrón 0-0: Foul Ball, location: 2F
0-1: Ball
1-1: Swinging Strike
1-2: Strikes out swinging
Batting: LHB Tommy Payne 0-0: Ball
1-0: Foul Ball, location: 2F
1-1: Foul Ball, location: 2F
1-2: Foul Ball, location: 2F
1-2: Ball
2-2: Strikes out swinging
Top of the 4th over - 2 run(s), 2 hit(s), 1 error(s), 1 left on base; District 9 3 - Texarkana 1
BOTTOM OF THE 4TH
Texarkana Bears batting - Pitching for District 9 Prawns : RHP Ignacio Morales
Batting: RHB Gustavo Díaz 0-0: Called Strike
0-1: Ground out 6-3 (Groundball, 6)
Batting: RHB Billy Campbell 0-0: Called Strike
0-1: SINGLE (Flyball, 8LS)
Batting: LHB Tom Mullins 0-0: 2-RUN HOME RUN (Line Drive, 8LD) (Inside the Park)
Batting: RHB Alberto Velásquez 0-0: Ball
1-0: Ball
2-0: Swinging Strike
2-1: Called Strike
2-2: Ball
3-2: Foul Ball, location: 2F
3-2: Ground out 4-3 (Groundball, 4)
Batting: RHB Taki Chikafuji 0-0: Ball
1-0: Ball
2-0: Ball
3-0: Called Strike
3-1: Foul Ball, location: 2F
3-2: Strikes out looking
Bottom of the 4th over - 2 run(s), 2 hit(s), 0 error(s), 0 left on base; District 9 3 - Texarkana 3
TOP OF THE 5TH
District 9 Prawns batting - Pitching for Texarkana Bears : RHP Ron Scott
Batting: RHB José Colón 0-0: SINGLE (Flyball, 8RS)
Batting: SHB Rick Turner 0-0: Ball
1-0: Called Strike
1-1: Foul Ball, location: 2F
1-2: Ball
2-2: Foul Ball, location: 2F
2-2: Ball
3-2: Base on Balls
José Colón to second
Batting: LHB José Flores 0-0: Called Strike
0-1: Fly out, F8 (Flyball, 78D)
Batting: RHB Edgardo Carrasco 0-0: Called Strike
0-1: DOUBLE (Flyball, 78XD)
José Colón scores
Rick Turner to third
Runner from 3rd tries for Home, SAFE, throw made home
Batting: RHB Boyd Pittman 0-0: Ball
1-0: Ground out 5-3 (Groundball, 56S)
Edgardo Carrasco to third
Batting: RHB Mal Snyder 0-0: Ball
1-0: Ball
2-0: Ball
3-0: Called Strike
3-1: Swinging Strike
3-2: Base on Balls
Batting: RHB Rafael González 0-0: Fielders Choice at 2nd, 5-4 (Groundball, 56)
Top of the 5th over - 2 run(s), 2 hit(s), 0 error(s), 1 left on base; District 9 5 - Texarkana 3
BOTTOM OF THE 5TH
Texarkana Bears batting - Pitching for District 9 Prawns : RHP Ignacio Morales
Batting: RHB Steve Garneys 0-0: Fly out, F4 (Popup, 4D)
Batting: LHB Sam Barnes 0-0: Ball
1-0: Foul Ball, location: 2F
1-1: Fly out, F4 (Popup, 3D)
Batting: RHB Michael Barraclough 0-0: Ball
1-0: Ball
2-0: DOUBLE (Groundball, 5L)
Batting: RHB Keith Ford 0-0: Ball
1-0: Ball
2-0: Foul Ball, location: 2F
2-1: SINGLE (Groundball, 4MD)
Michael Barraclough to third
Runner from 3rd tries for Home, SAFE, no throw
Batting: RHB Gustavo Díaz 0-0: SINGLE (Groundball, 6MD)
Keith Ford to second
Batting: RHB Billy Campbell 0-0: Called Strike
0-1: Foul Ball, location: 2F
0-2: Fly out, F2 (Popup, 34S)
Bottom of the 5th over - 1 run(s), 3 hit(s), 0 error(s), 2 left on base; District 9 5 - Texarkana 4
TOP OF THE 6TH
District 9 Prawns batting - Pitching for Texarkana Bears : RHP Ron Scott
Batting: LHB Miguel Barrón 0-0: SINGLE (Flyball, 78S)
Pitching: RHP Asher Zasko
Batting: LHB Tommy Payne Pickoff Throw to First - Error! E1
Miguel Barrón to second
0-0: Intentional Walk
Batting: RHB José Colón 0-0: Called Strike
0-1: Swinging Strike
0-2: Ball
1-2: Fly out, F8 (Flyball, 78D)
Batting: SHB Rick Turner 0-0: Called Strike
0-1: Ball
1-1: Called Strike
1-2: Foul Ball, location: 2F
1-2: Strikes out swinging
Batting: LHB José Flores 0-0: Called Strike
0-1: SINGLE (Groundball, 6M) (infield hit)
Miguel Barrón to third
Tommy Payne to second
Batting: RHB Edgardo Carrasco 0-0: Ball
1-0: SINGLE (Line Drive, 8LS)
Miguel Barrón scores
Tommy Payne to third
José Flores to second
Runner from 3rd tries for Home, SAFE, no throw
Batting: RHB Boyd Pittman 0-0: Called Strike
0-1: Foul Ball, location: 2F
0-2: Fly out, F7 (Flyball, 7S)
Top of the 6th over - 2 run(s), 3 hit(s), 1 error(s), 2 left on base; District 9 7 - Texarkana 4
BOTTOM OF THE 6TH
Texarkana Bears batting - Pitching for District 9 Prawns : RHP Ignacio Morales
Pitching: RHP Clayton Hawkins
Batting: LHB Tom Mullins 0-0: Ball
1-0: Ball
2-0: Called Strike
2-1: Ball
3-1: Foul Ball, location: 2F
3-2: Base on Balls
Batting: RHB Alberto Velásquez 0-0: TRIPLE (Groundball, 3L)
Tom Mullins scores
Batting: RHB Taki Chikafuji 0-0: Called Strike
0-1: Called Strike
0-2: Ball
1-2: Ball
2-2: Foul Ball, location: 2F
2-2: Fly out, F8 (Flyball, 89M)
Runner from 3rd tags up, SCORES, throw made
Pitching: LHP Roberto Ontiveros
Batting: RHB Steve Garneys 0-0: Called Strike
0-1: Ball
1-1: SINGLE (Flyball, 8LS)
Batting: LHB Sam Barnes 0-0: SINGLE (Line Drive, 3)
Steve Garneys to second
Batting: RHB Michael Barraclough 0-0: Ball
1-0: Swinging Strike
1-1: Ball
2-1: Ball
3-1: Foul Ball, location: 2F
3-2: Strikes out swinging
Batting: RHB Keith Ford 0-0: Ball
1-0: Ball
2-0: Called Strike
2-1: Ball
3-1: Base on Balls
Steve Garneys to third
Sam Barnes to second
Batting: RHB Gustavo Díaz 0-0: Swinging Strike
0-1: Foul Ball, location: 2F
Balk!
Steve Garneys scores
Sam Barnes to third
Keith Ford to second
0-2: Strikes out swinging
Bottom of the 6th over - 3 run(s), 3 hit(s), 0 error(s), 2 left on base; District 9 7 - Texarkana 7
TOP OF THE 7TH
District 9 Prawns batting - Pitching for Texarkana Bears : RHP Asher Zasko
Batting: RHB Mal Snyder 0-0: Called Strike
0-1: Ball
1-1: Foul Ball, location: 2F
1-2: Ground out 5-3 (Groundball, 5S)
Pinch Hitting: LHB Leonard Young 0-0: Called Strike
0-1: Called Strike
0-2: Ball
1-2: Strikes out swinging
Batting: LHB Miguel Barrón 0-0: Called Strike
0-1: Foul Ball, location: 2F
0-2: Ball
1-2: Strikes out swinging
Top of the 7th over - 0 run(s), 0 hit(s), 0 error(s), 0 left on base; District 9 7 - Texarkana 7
BOTTOM OF THE 7TH
Texarkana Bears batting - Pitching for District 9 Prawns : LHP Roberto Ontiveros
Now at 2B: Phil Jacobs
Batting: RHB Billy Campbell 0-0: Ball
1-0: Ball
2-0: Foul Ball, location: 2F
2-1: Ground out 1-3 (Groundball, 13S)
Batting: LHB Tom Mullins 0-0: Swinging Strike
0-1: Foul Ball, location: 2F
0-2: Ball
1-2: Ground out 6-3 (Groundball, 6)
Batting: RHB Alberto Velásquez 0-0: Foul Ball, location: 2F
0-1: Swinging Strike
0-2: Strikes out swinging
Bottom of the 7th over - 0 run(s), 0 hit(s), 0 error(s), 0 left on base; District 9 7 - Texarkana 7
TOP OF THE 8TH
District 9 Prawns batting - Pitching for Texarkana Bears : RHP Asher Zasko
Batting: LHB Tommy Payne 0-0: Ball
1-0: Ball
2-0: Foul Ball, location: 2F
2-1: SINGLE (Groundball, 5D)
Pinch Hitting: LHB Pedro Gonzáles 0-0: Sac Bunt - play at first, batter OUT! 1-4
Tommy Payne to second
Batting: SHB Rick Turner 0-0: Intentional Walk
Batting: LHB José Flores 0-0: Called Strike
Tommy Payne steals 3rd base
Rick Turner to second
0-1: Foul Ball, location: 2F
0-2: Ball
1-2: Fly out, F8 (Flyball, 8RM)
Runner from 3rd tags up, SCORES, no throw
Batting: RHB Edgardo Carrasco 0-0: Ball
1-0: SINGLE (Groundball, 56D)
Rick Turner to third
Runner from 3rd tries for Home, SAFE, no throw
Pitching: RHP Vaughan Gillespie
Batting: RHB Boyd Pittman 0-0: Fielders Choice at 2nd, 6-4 (Groundball, 6)
Top of the 8th over - 2 run(s), 2 hit(s), 0 error(s), 0 left on base; District 9 9 - Texarkana 7
BOTTOM OF THE 8TH
Texarkana Bears batting - Pitching for District 9 Prawns : LHP Roberto Ontiveros
Pitching: RHP Mike Stabler
Now at 1B: Pedro Gonzáles
Batting: RHB Taki Chikafuji 0-0: Called Strike
0-1: Swinging Strike
0-2: Hit by Pitch
Pitching: RHP José Huerta
Batting: RHB Steve Garneys 0-0: Ball
1-0: Called Strike
1-1: Foul Ball, location: 2F
1-2: Strikes out swinging
Batting: LHB Sam Barnes 0-0: Called Strike
0-1: Ball
1-1: Ball
2-1: SINGLE (Groundball, 34D)
Taki Chikafuji to second
Runner from 2nd tries for 3rd, SAFE, throw made to third
Batting: RHB Michael Barraclough 0-0: Ball
1-0: Ball
2-0: Ball
3-0: Called Strike
3-1: Foul Ball, location: 2F
3-2: Fly out, F7 (Line Drive, 78S)
Runner from 3rd tags up, SCORES, no throw
Batting: RHB Keith Ford 0-0: Called Strike
0-1: Called Strike
0-2: Ball
1-2: Foul Ball, location: 2F
1-2: Strikes out swinging
Bottom of the 8th over - 1 run(s), 1 hit(s), 0 error(s), 1 left on base; District 9 9 - Texarkana 8
TOP OF THE 9TH
District 9 Prawns batting - Pitching for Texarkana Bears : RHP Vaughan Gillespie
Pitching: RHP Víctor López
Batting: RHB Mal Snyder 0-0: Ball
1-0: Foul Ball, location: 2F
1-1: Ball
2-1: Ball
3-1: Called Strike
3-2: SINGLE (Groundball, 56S) (infield hit)
Batting: RHB Phil Jacobs 0-0: Called Strike
Mal Snyder steals 2nd base
0-1: Ball
1-1: Ball
2-1: Foul Ball, location: 2F
2-2: Foul Ball, location: 2F
2-2: Ball
3-2: Foul Ball, location: 2F
3-2: Strikes out swinging
Batting: LHB Miguel Barrón 0-0: Called Strike
0-1: Ball
1-1: Swinging Strike
1-2: Ball
2-2: Ball
3-2: Strikes out swinging
Batting: LHB Tommy Payne 0-0: Ball
1-0: Ball
2-0: Called Strike
2-1: Ball
3-1: Called Strike
3-2: Foul Ball, location: 2F
3-2: Fly out, F8 (Flyball, 8RD)
Top of the 9th over - 0 run(s), 1 hit(s), 0 error(s), 1 left on base; District 9 9 - Texarkana 8
BOTTOM OF THE 9TH
Texarkana Bears batting - Pitching for District 9 Prawns : RHP José Huerta
Pitching: RHP Eric Love
Now at 3B: Manuel Cardenas
Batting: RHB Gustavo Díaz 0-0: Called Strike
0-1: Fly out, F8 (Flyball, 78M)
Batting: RHB Billy Campbell 0-0: Swinging Strike
0-1: Ball
1-1: Called Strike
1-2: Strikes out swinging
Batting: LHB Tom Mullins 0-0: Called Strike
0-1: Ball
1-1: Foul Ball, location: 2F
1-2: Strikes out swinging
Bottom of the 9th over - 0 run(s), 0 hit(s), 0 error(s), 0 left on base; District 9 9 - Texarkana 8
Thursday, March 30th, 2017 - OOTP Baseball 17.12 Build 75